 Dungeon Crawl Stone Soup version 0.26.1 (webtiles) character file.

Game seed: 14230502514310768915

592 rel the Cutter (level 7, -4/66 HPs)
             Began as a Kobold Berserker on Feb 6, 2021.
             Was a Priest of Trog.
             Slain by a worker ant (6 damage)
             ... on level 4 of the Dungeon on Feb 7, 2021.
             The game lasted 00:13:35 (4471 turns).

rel the Cutter (Kobold Berserker)                   Turns: 4471, Time: 00:13:36

Health: -4/66      AC:  4    Str: 16    XL:     7   Next: 66%
Magic:  7/7        EV: 16    Int:  9    God:    Trog [***...]
Gold:   185        SH:  0    Dex: 14    Spells: 6/6 levels left

rFire    . . .     SeeInvis +   a - +1 short sword
rCold    . . .     Faith    .   (shield restricted)
rNeg     . . .     Spirit   .   t - +0 leather armour
rPois    .         Reflect  .   (no helmet)
rElec    .         Harm     .   i - +0 cloak
rCorr    .         Rampage  .   (no gloves)
Will     .....                  (no boots)
Stlth    ..........             (no amulet)
HPRegen  0.21/turn              j - +4 ring of slaying
MPRegen  0.10/turn              k - ring of see invisible

@: berserking (expiring), lethally poisoned (-4 -> -20), very quick
A: small, nightstalker 3
a: Renounce Religion, Berserk, Trog's Hand


You were on level 4 of the Dungeon.
You worshipped Trog.
Trog was most pleased with you.
You visited 1 branch of the dungeon, and saw 4 of its levels.

You collected 185 gold pieces.

Inventory:

Hand Weapons
 a - a +1 short sword (weapon)
Armour
 i - a +0 cloak (worn)
 n - a cursed +0 chain mail
 o - a +1 cloak
 s - the cursed +1 robe "Juiqiedu" {+Blink Int-2 Slay+6, unknown}
   (You found it on level 4 of the Dungeon)

   It affects your intelligence (-2).
   It affects your accuracy and damage with ranged weapons and melee attacks
   (+6).
   It lets you blink.
   It has a curse placed upon it.
 t - a +0 leather armour (worn)
Jewellery
 j - a +4 ring of slaying (left hand)
 k - a ring of see invisible (right hand)
 p - an uncursed amulet of faith
Scrolls
 e - a scroll of blinking {unknown}
 f - a scroll of fog {unknown}
Potions
 d - 2 potions of curing
 g - a potion of ambrosia {unknown}
 l - a potion of resistance {unknown}
 m - a potion of berserk rage {unknown}
 q - a potion of lignification {unknown}
 r - a potion of magic {unknown}


   Skills:
 * Level 5.3 Fighting
 + Level 6.5 Short Blades
 - Level 1.5 Armour
 * Level 4.8 Dodging
 + Level 5.5 Stealth


You had 6 spell levels left.
You didn't know any spells.
Your spell library was empty.

Dungeon Overview and Level Annotations

Branches:
Dungeon (4/15)
 Temple: D:4-7

Altars:
Cheibriados
The Shining One


Innate Abilities, Weirdness & Mutations

You are small and have problems with some larger weapons.
You are completely attuned to the shadows.


Message History

You closely miss the orc. The worker ant bites you!
* * * LOW HITPOINT WARNING * * *
You barely miss the orc.
* * * LOW HITPOINT WARNING * * *
You feel sick. The worker ant bites you.
* * * LOW HITPOINT WARNING * * *
You are more poisoned.
The worker ant poisons you! The orc barely misses you.
You impale the orc!!
You kill the orc!
Trog accepts your kill.
* * * LOW HITPOINT WARNING * * *
You feel sick.
You are too berserk!
You are too berserk!
You puncture the worker ant!
The worker ant is severely wounded.
* * * LOW HITPOINT WARNING * * *
You feel sick. The worker ant bites you.
You die...

#####
##......#.####
##..##.#....#
##.##...##..
#.####.# #
#..###.#
##..##.#
##.....
##B....
#@)....
#))....
....<...
###......
#......


You could see a worker ant.

Vanquished Creatures
  A sky beast (D:3)
  A scorpion (D:4)
  The ghost of axecop the Distorting Demonspawn, a weakling DsAK of Lugonu (D:3)
  Natasha (thrice) (D:2)
  2 orc wizards (D:4)
  3 worker ants (D:4)
  A hound skeleton (D:4)
  5 adders
  5 gnolls
  An adder skeleton (D:4)
  2 worms (D:2)
  A dart slug (D:1)
  2 leopard geckos (D:4)
  3 orcs
  4 giant cockroaches
  11 goblins
  13 hobgoblins
  4 jackals (D:1)
  A quokka (D:4)
  8 bats
  3 frilled lizards
  8 kobolds
  A leopard gecko skeleton (D:4)
  11 rats
95 creatures vanquished.

Notes
Turn   | Place    | Note
-------+----------+-------------------------------------------
     0 | D:1      | rel the Kobold Berserker began the quest for the Orb.
     0 | D:1      | Reached XP level 1. HP: 14/14 MP: 1/1
    55 | D:1      | Reached XP level 2. HP: 6/19 MP: 2/2
   950 | D:1      | Reached XP level 3. HP: 20/24 MP: 3/3
  1306 | D:1      | Reached ** piety under Trog
  1699 | D:1      | Reached XP level 4. HP: 29/29 MP: 4/4
  1847 | D:2      | Reached skill level 1 in Stealth
  2234 | D:2      | Found a snail-covered altar of Cheibriados.
  2234 | D:2      | Noticed Natasha
  2243 | D:2      | Killed Natasha
  2244 | D:2      | Reached XP level 5. HP: 34/34 MP: 5/5
  2378 | D:2      | Noticed Natasha
  2459 | D:2      | Killed Natasha
  2460 | D:2      | Reached skill level 5 in Short Blades
  2580 | D:2      | Found a faded altar of an unknown god.
  2705 | D:2      | Noticed Natasha
  2713 | D:2      | Killed Natasha
  2843 | D:3      | Reached XP level 6. HP: 39/39 MP: 6/6
  3173 | D:3      | Noticed a sky beast
  3181 | D:3      | Killed a sky beast
  3625 | D:3      | Found a glowing golden altar of the Shining One.
  3633 | D:3      | Found a runed translucent door.
  3636 | D:3      | Noticed axecop's ghost (weakling DsAK)
  3999 | D:3      | Killed axecop's ghost
  4000 | D:3      | Reached XP level 7. HP: 44/44 MP: 7/7
  4132 | D:4      | Got a dull robe
  4187 | D:4      | Reached skill level 5 in Fighting
  4247 | D:4      | Reached skill level 6 in Short Blades
  4254 | D:4      | Reached skill level 5 in Stealth
  4304 | D:4      | Reached *** piety under Trog
  4470 | D:4      | HP: 3/66 [poisoned by a worker ant]
  4471 | D:4      | Slain by a worker ant

Illustrated notes

Levels and vault maps discovered:
D:1:      dpeg_chamrin_arrival_tetris, layout_basic
D:2:      layout_loops_cross, cheibriados_altar_1,
          chequers_ecumenical_altar_simple, st_stairs_1, hex_tiny,
          grunt_decor_arrowhead, uniq_natasha
D:3:      layout_basic, tso_metal_star, hellmonk_ghost_happy_afterlife
D:4:      kennysheep_the_goblin_king, layout_rooms, minmay_misc_feat_tower

Skill      XL: |  1  2  3  4  5  6  7 |
---------------+----------------------+-----
Fighting       | 4 5 |  5.3
Dodging        | 3 4 |  4.8
Stealth        | 2 3 4 5 |  5.5
Short Blades   | 5 6 |  6.5
Armour         | |  1.5

Action                   |  1- 3 |  4- 6 |  7- 9 || total
-------------------------+-------+-------+-------++-------
Melee: Short sword       |    93 |   106 |    54 ||   253
Invok: Berserk           |     2 |     2 |     2 ||     6
  Use: Scroll            |       |     6 |     1 ||     7
       Potion            |       |       |     3 ||     3
 Stab: Sleeping          |     2 |    15 |     5 ||    22
       Distracted        |     1 |       |       ||     1
Armor: Animal skin       |    18 |     6 |     1 ||    25
       Leather armour    |       |       |     5 ||     5
Dodge: Dodged            |    77 |    56 |    44 ||   177
